 Dungeon Crawl Stone Soup version 0.27.1-3-gb3d3a73c9e (webtiles) character file.

Game seed: 197361994697526664

412 ABBCCCDDDD the Sneak (level 6, -6/41 HPs)
             Began as an Octopode Enchanter on Oct 10, 2021.
             Was an Initiate of Gozag.
             Mangled by a water moccasin (8 damage)
             ... on level 6 of the Dungeon.
             The game lasted 00:08:00 (7878 turns).

ABBCCCDDDD the Sneak (Octopode Enchanter)           Turns: 7878, Time: 00:08:01

Health: -6/41      AC:  1    Str:  7    XL:     6   Next: 90%
Magic:  9/9        EV: 13    Int: 20    God:    Gozag
Gold:   286        SH:  4    Dex: 12    Spells: 6/9 levels left

rFire    . . .     SeeInvis +   m - +0 rapier
rCold    . . .     Faith    .   f - +0 buckler
rNeg     . . .     Spirit   .   (helmet restricted)
rPois    .         Reflect  .   (no amulet)
rElec    .         Harm     .   g - ring of see invisible
rCorr    .         Rampage  .   (no ring)
Will     .....                  (no ring)
Stlth    ++++......             (no ring)
HPRegen  0.13/turn              (no ring)
MPRegen  0.11/turn              (no ring)
                                (no ring)
                                (no ring)

@: lethally poisoned (-6 -> -14), flying
A: almost no armour, amphibious, 8 rings, camouflage 1, gelatinous body 1,
(nimble swimmer 1), tentacles
a: Renounce Religion, Potion Petition, Call Merchant, Bribe Branch


You were on level 6 of the Dungeon.
You worshipped Gozag.
Gozag was aware of your devotion.
You visited 2 branches of the dungeon, and saw 7 of its levels.

You collected 347 gold pieces.
You paid 61 gold pieces to Gozag.

Inventory:

Hand Weapons
 a - a +1 dagger
 i - a +0 short sword
 m - a +0 rapier (weapon)
Missiles
 v - 4 boomerangs of dispersal
Armour
 f - a +0 buckler (worn)
Magical Staves
 l - a staff of death
Jewellery
 g - a ring of see invisible (left tentacle)
Scrolls
 b - a scroll of enchant armour
 c - a scroll of teleportation
 e - a scroll of blinking
 k - 2 scrolls of amnesia
 n - a scroll of vulnerability
 q - 2 scrolls of fear
 t - a scroll of brand weapon {unknown}
 u - a scroll of noise {unknown}
Potions
 d - a potion of magic
 h - a potion of brilliance {unknown}
 j - a potion of curing {unknown}
 o - a potion of haste {unknown}
 p - a potion of flight
 r - a potion of lignification {unknown}
 s - a potion of might {unknown}
 w - 2 potions of degeneration {unknown}


   Skills:
 + Level 2.4 Fighting
 + Level 1.8 Short Blades
 - Level 2.0 Dodging
 * Level 6.9 Stealth
 * Level 3.3 Shields
 - Level 2.0 Spellcasting
 + Level 4.1 Hexes


You had 6 spell levels left.
You knew the following spells:

 Your Spells              Type           Power      Damage    Failure   Level
a - Corona                Hex            20%        N/A       3%          1
b - Ensorcelled Hibernat  Hex/Ice        20%        N/A       11%         2

Your spell library contained the following spells:

 Spells                   Type           Power      Damage    Failure   Level
 Confusing Touch          Hex            18%        N/A       10%         3
 Tukima's Dance           Hex            18%        N/A       10%         3
 Dazzling Flash           Conj/Hex       20%        N/A       22%         3
 Conjure Flame            Conj/Fire      2%         6-21      45%         3
 Ignite Poison            Fire/Tmut/Pois 2%         N/A       45%         3
 Sticky Flame             Conj/Fire      2%         2d3       86%         4


Dungeon Overview and Level Annotations

Branches:
Dungeon (6/15)             Temple (1/1) D:4

Altars:
Dithmenos
Fedhas
Gozag
Nemelex Xobeh
Qazlal
Trog
Vehumet
Xom
The Shining One

Annotations:
D:5 Grinder


Innate Abilities, Weirdness & Mutations

You cannot wear most types of armour.
You are amphibious.
You can wear up to eight rings at the same time.
Your skin changes colour to match your surroundings (Stealth+).
Your rubbery body absorbs attacks. (AC +1, EV +1)
((You are camouflaged near water. (Stealth+)))
You have tentacles for arms and can constrict up to eight enemies at once.


Message History

You climb downwards.
There is a stone staircase leading up here.
Found a stone staircase leading up.
Found a buckler.
Found a stone staircase leading down.
Found an escape hatch in the ceiling.
Found 22 arrows.
A water moccasin comes into view.
A water moccasin is nearby!
The water moccasin hisses angrily.
You hit the water moccasin. Your grab misses the water moccasin.
The water moccasin is moderately wounded.
The water moccasin bites you!
You barely miss the water moccasin. Your grab misses the water moccasin.
The water moccasin is moderately wounded.
The water moccasin bites you! The water moccasin barely misses you.
You miss the water moccasin. Your grab misses the water moccasin.
The water moccasin is moderately wounded.
The water moccasin bites you.
You miss the water moccasin. You grab the water moccasin.
The water moccasin is moderately wounded.
You constrict the water moccasin, but do no damage.
The water moccasin bites you. x2
You are lethally poisoned!
The water moccasin poisons you!
It was a potion of magic.
Magic courses through your body.
You constrict the water moccasin.
* * * LOW HITPOINT WARNING * * *
You feel very sick. You block the water moccasin's attack.
It was a potion of flight.
You feel very buoyant.
You fly up into the air.
You constrict the water moccasin.
* * * LOW HITPOINT WARNING * * *
You feel very sick. The water moccasin bites you.
* * * LOW HITPOINT WARNING * * *
The water moccasin bites you!
You die...
Your body crumbles into a pile of gold.

..##.....
.........
..>.....#
#.......######
......[.##...
#.......##.#######
#.........<...
###.##.###### ##
#.#..# #.##@#
...#.#..# #.##S#
...#.#..# #.##.#
.....#..# #.##.#
...#.#..# #.##.#
#.......# #.##.#
#...#...#####.##.#
#.............##.#
#...#.#.#######


You could see a water moccasin.

Levels and vault maps discovered:
D:1:      dpeg_arrival_concentric_ovals, layout_rooms,
          ebering_ecumenical_altar_mist, minmay_splitting_lines, st_stairs_4,
          kennysheep_pointless_box
D:2:      layout_basic
D:3:      layout_loops_corners, lemuel_doored_altar, uniq_natasha
D:4:      layout_loops_ring, mainiacjoe_overflow_tiny_flanked,
          minmay_temple_entry_sparse_star
D:5:      layout_basic, uniq_grinder
D:6:      lemuel_ratsnest, layout_basic, grunt_temple_overflow_open
Temple:   nicolae_temple_figure_eight

Notes
Turn   | Place    | Note
-------+----------+-------------------------------------------
     0 | D:1      | ABBCCCDDDD the Octopode Enchanter began the quest for the
                  | Orb.
     0 | D:1      | Reached XP level 1. HP: 11/11 MP: 3/3
   523 | D:1      | Reached XP level 2. HP: 6/18 MP: 5/5
  1386 | D:1      | Reached skill level 1 in Fighting
  1666 | D:1      | Found a faded altar of an unknown god.
  1670 | D:1      | Reached XP level 3. HP: 23/23 MP: 6/6
  1713 | D:1      | Reached skill level 5 in Stealth
  2038 | D:2      | Reached skill level 1 in Shields
  2169 | D:2      | Reached XP level 4. HP: 28/28 MP: 7/7
  3595 | D:3      | Found a radiant altar of Vehumet.
  4241 | D:3      | Noticed Natasha
  4264 | D:3      | Killed Natasha
  4265 | D:3      | Reached XP level 5. HP: 33/33 MP: 8/8
  4275 | D:3      | Noticed Natasha
  4341 | D:3      | Learned a level 2 spell: Ensorcelled Hibernation
  4924 | D:4      | Found a sparkling altar of Nemelex Xobeh.
  5032 | D:4      | Found a staircase to the Ecumenical Temple.
  5036 | D:4      | Noticed a necrophage
  5042 | Temple   | Entered the Ecumenical Temple
  5045 | Temple   | Reached skill level 6 in Stealth
  5257 | Temple   | Became a worshipper of Gozag Ym Sagoz the Greedy
  5280 | D:4      | Killed a necrophage
  5281 | D:4      | Reached XP level 6. HP: 35/39 MP: 9/9
  5632 | D:5      | Entered Level 5 of the Dungeon
  5707 | D:5      | Noticed Grinder
  6570 | D:3      | Killed Natasha
  7870 | D:6      | Noticed a water moccasin
  7878 | D:6      | HP: 2/41 [water moccasin (6)]
  7878 | D:6      | Mangled by a water moccasin

Table legend: (Time is in decaauts)
 A = Elapsed time spent in this place.
 B = Non-inter-level travel time spent in this place.
 C = Inter-level travel time spent in this place.
 D = Time resting spent in this place.
 E = Time spent auto-exploring this place.
 F = Levels seen in this place.
 G = Mean time per level.
                   A        B        C        D        E       F      G
               +--------+--------+--------+--------+--------+-----+--------+
         Total |   7888 |   7184 |    704 |   2173 |   4101 |   7 | 1126.9 |
       Dungeon |   7657 |   6983 |    674 |   2173 |   3905 |   6 | 1276.2 |
        Temple |    231 |    201 |     30 |      0 |    196 |   1 |  231.0 |
               +--------+--------+--------+--------+--------+-----+--------+

Top non-repeatable levels by time:
     D:3: 1914 daAuts
     D:1: 1845 daAuts
     D:2: 1425 daAuts
     D:5: 1417 daAuts
     D:4: 1020 daAuts
  Temple: 231 daAuts
     D:6: 34 daAuts

Table legend:
 A = Kills in this place as a percentage of kills in entire the game.
 B = Kills by you in this place as a percentage of kills by you in the entire game.
 C = Kills by friends in this place as a percentage of kills by friends in the entire game.
 D = Other kills in this place as a percentage of other kills in the entire game.
 E = Experience gained in this place as a percentage of experience gained in the entire game.
 F = Experience gained in this place divided by the number of levels of this place that you have seen.
                   A       B       C       D       E      F
               +-------+-------+-------+-------+-------+----------------------
         Total | 100.0 | 100.0 |   N/A |   N/A | 100.0 |  84.1
       Dungeon |  98.8 |  98.8 |   N/A |   N/A |  98.6 |  96.8
        Temple |   1.2 |   1.2 |   N/A |   N/A |   1.4 |   8.0
               +-------+-------+-------+-------+-------+----------------------

Action                   |  1- 3 |  4- 6 || total
-------------------------+-------+-------++-------
Melee: Dagger            |    79 |   111 ||   190
       Tentacles         |    21 |    19 ||    40
       Constrict         |    14 |    24 ||    38
       Rapier            |       |    62 ||    62
 Cast: Ensorcelled Hiber |       |     1 ||     1
  Use: Scroll            |       |     6 ||     6
       Potion            |       |     2 ||     2
 Stab: Sleeping          |     6 |    16 ||    22
Armor: Skin              |     5 |    34 ||    39
Dodge: Dodged            |    27 |    81 ||   108
Block: Buckler           |     5 |    27 ||    32

Vanquished Creatures
  A necrophage (D:4)
  A scorpion (D:5)
  A jelly (D:5)
  Natasha (twice) (D:3)
  3 gnolls (D:5)
  6 adders
  2 ufetubi
  A worm (D:2)
  4 dart slugs
  An orc (D:2)
  9 ball pythons
  3 bats
  11 endoplasms
  3 giant cockroaches
  7 goblins
  4 hobgoblins
  5 kobolds
  5 quokkas
  4 frilled lizards
  8 rats
81 creatures vanquished.
